 Dungeon Crawl Stone Soup version 0.29.1-1-gd02db6906a (webtiles) character file.

Game seed: 1534670852050957878

18246 juncz the Spry (level 12, 63/63 HPs)
             Began as a Felid Summoner on Sept 7, 2022.
             Was an Initiate of Gozag.
             Quit the game on level 2 of the Lair of Beasts on Sept 24, 2022.
             The game lasted 03:05:58 (26193 turns).

juncz the Spry (Felid Summoner)                    Turns: 26193, Time: 03:05:59

Health: 63/63      AC:  3    Str:  4    XL:     12   Next: 26%
Magic:  36/36      EV: 30    Int: 21    God:    Gozag
Gold:   3782       SH:  5    Dex: 17    Spells: 10/31 levels left
                                        Lives:  1   Deaths: 3

rFire   . . .      SeeInvis +   (weapon unavailable)
rCold   + + .      Faith    .   (shield unavailable)
rNeg    . . .      Spirit   .   (body armour unavailable)
rPois   .          Reflect  +   (helmet unavailable)
rElec   .          Harm     .   (cloak unavailable)
rCorr   .          Rampage  .   (gloves unavailable)
Will    +....                   (boots unavailable)
Stlth   ++........              z - amulet of reflection
HPRegen 0.20/turn               g - ring of protection from cold
MPRegen 0.25/turn               h - ring of magical power

@: quick
A: very small, claws 1, fangs 3, see invisible, speed 1, shaggy fur 3, stealthy
paws, no weapons or thrown items, no armour, multi-lived
a: Renounce Religion, Potion Petition, Call Merchant, Bribe Branch


You were on level 2 of the Lair of Beasts.
You worshipped Gozag.
Gozag was most pleased with you.
You visited 4 branches of the dungeon, and saw 18 of its levels.
You also visited: Sewer.

You collected 5086 gold pieces.
You spent 475 gold pieces at shops.
You paid 829 gold pieces to Gozag.

Inventory:

Jewellery
 g - a ring of protection from cold (left paw)
 h - a ring of magical power (right paw)
 v - a ring of magical power
 w - an amulet of regeneration
 z - an amulet of reflection (around neck)
 H - a +4 ring of evasion
Wands
 c - a wand of charming (8)
 m - a wand of quicksilver (15)
 x - a wand of mindburst (17)
Scrolls
 d - 4 scrolls of fear
 f - 10 scrolls of teleportation
 j - 2 scrolls of poison
 l - a scroll of magic mapping
 r - 3 scrolls of fog
 u - a scroll of amnesia {unknown}
 y - 4 scrolls of blinking
 A - 2 scrolls of noise {unknown}
 B - a scroll of acquirement {unknown}
 C - a scroll of silence {unknown}
 D - 2 scrolls of vulnerability
 E - a scroll of enchant weapon {unknown}
 F - 2 scrolls of enchant armour {unknown}
 J - a scroll of summoning {unknown}
Potions
 a - 5 potions of magic
 b - 4 potions of brilliance
 e - 2 potions of ambrosia {unknown}
 i - 6 potions of curing
 k - 4 potions of degeneration
 n - 5 potions of haste
 o - 3 potions of cancellation {unknown}
 p - 4 potions of might
 q - 4 potions of resistance
 s - 5 potions of lignification {unknown}
 t - 2 potions of mutation {unknown}
 G - 2 potions of attraction {unknown}
 I - 4 potions of berserk rage {unknown}


   Skills:
 + Level 13.2 Fighting
 + Level 17.1 Dodging
 - Level 2.6 Stealth
 - Level 10.0 Spellcasting
 - Level 5.0 Hexes
 - Level 10.0 Summonings
 - Level 7.0 Air Magic


You had 10 spell levels left.
You knew the following spells:

 Your Spells              Type           Power      Damage    Failure   Level
a - Summon Small Mammal   Summ           100%       N/A       1%          1
b - Call Imp              Summ           51%        N/A       1%          2
c - Call Canine Familiar  Summ           51%        N/A       1%          3
d - Summon Guardian Gole  Hex/Summ       42%        N/A       1%          3
e - Summon Lightning Spi  Summ/Air       46%        N/A       1%          4
f - Tukima's Dance        Hex            31%        N/A       2%          3
g - Summon Forest         Summ/Tloc      15%        N/A       22%         5

Your spell library contained the following spells:

 Spells                   Type           Power      Damage    Failure   Level
 Slow                     Hex            100%       N/A       1%          1
 Confusing Touch          Hex            31%        N/A       2%          3
 Apportation              Tloc           20%        N/A       6%          1
 Dazzling Flash           Conj/Hex       42%        N/A       7%          3
 Inner Flame              Hex/Fire       21%        N/A       7%          3
 Mephitic Cloud           Conj/Pois/Air  20%        N/A       8%          3
 Cause Fear               Hex            15%        N/A       9%          4
 Gell's Gravitas          Tloc           10%        N/A       19%         3
 Ignite Poison            Fire/Tmut/Pois 10%        N/A       19%         3
 Lesser Beckoning         Tloc           10%        N/A       19%         3
 Ozocubu's Armour         Ice            10%        N/A       19%         3
 Teleport Other           Tloc           10%        N/A       19%         3
 Vampiric Draining        Necr           10%        2d6       19%         3
 Iskenderun's Mystic Bla  Conj/Tloc      10%        2d4       54%         4
 Freezing Cloud           Conj/Ice/Air   10%        6-21      56%         5
 Alistair's Intoxication  Tmut/Pois      6%         N/A       87%         5
 Blade Hands              Tmut           5%         N/A       87%         5
 Starburst                Conj/Fire      5%         6d4       100%        6
 Haunt                    Necr/Summ      15%        N/A       100%        7
 Ozocubu's Refrigeration  Ice            5%         4d8       100%        7
 Discord                  Hex            15%        N/A       100%        8
 Infestation              Necr           5%         N/A       100%        8
 Lehudib's Crystal Spear  Conj/Erth      5%         10d3      100%        8
 Portal Projectile        Hex/Tloc       Unusable   N/A       N/A         3
 Animate Dead             Necr           Unusable   N/A       N/A         4

Dungeon Overview and Level Annotations

Branches:
Dungeon (12/15)            Temple (1/1) D:5            Lair (3/5) D:11
  Swamp (0/4) Lair:2        Snake (0/4) Lair:2          Orc (2/2) D:12
    Elf (0/3) Orc:2         Sewer (visited)

Altars:
Ashenzari
Cheibriados
Dithmenos
Elyvilon
Fedhas
Gozag
Hepliaklqana
Kikubaaqudgha
Makhleb
Nemelex Xobeh
Okawaru
Qazlal
Ru
Sif Muna
Trog
Uskayaw
Vehumet
Wu Jian
Xom
Yredelemnul
Zin
The Shining One

Shops:
D:4 [   Orc:2 *[(?:

Annotations:
D:9 3 runed translucent doors, middlethird's ghost, journeyman VSIE


Innate Abilities, Weirdness & Mutations

You have sharp claws.
You have razor-sharp teeth.
You have supernaturally acute eyesight. (SInv)
You cover ground quickly. (Speed+)
Your thick and shaggy fur keeps you warm. (AC +3, rC+)
Your paws help you pounce on unaware monsters.
You are incapable of wielding weapons or throwing items.
You cannot wear armour.
You gain extra lives every three experience levels.


Message History

The bog body closely misses you.
Your guardian golem disappears in a puff of smoke!
Your wolf closely misses the bog body.
Your wolf bites the bog body!
The bog body is destroyed!
You start resting.
Magic restored.
You start resting.
HP restored.
You start waiting.
Your wolf disappears in a puff of smoke!
Done waiting.
You start waiting.
Done waiting.
You now have 3776 gold pieces (gained 6).
You enter the shallow water.
Moving in this stuff is going to be slow.
Found a staircase to the Swamp.
You now have 3782 gold pieces (gained 6).
You see here a +0 war axe.
You open the door.
There is an open door here.
Found an escape hatch in the ceiling.
As you open the door, it creaks loudly!
There is an open door here.
There is an escape hatch in the ceiling here.
You open the door.
There is an open door here.
m - a wand of quicksilver (15) (gained 4 charges)
You pick up a book of Displacement and begin reading...
You add the spells Lesser Beckoning, Gell's Gravitas and Teleport Other to your library.
Done exploring.
(D) Dungeon (T) Temple (L) Lair (S) Swamp (P) Snake Pit (O) Orcish Mines (E) Elven Halls
Where to? (Enter - Lair:2, ? - help)
Okay, then.
Saving game... please wait.
Welcome back, juncz the Felid Summoner.
Gozag says: Greed is good.
Press ? for a list of commands and other information.
Are you sure you want to abandon this character and quit the game? (Confirm with "yes".)

##~~~~~~♣ #~~~.~.P~ ###.....#
#......# ## #......# .###### ####
♣♣♣♣♣♣###......# #.<...####
##..#♣♣§§~~♣#.#......# #....'.#.#
#.....♣§§§≈♣#.#......# #....#..##
#....@♣§§§§♣♣.+......#
#........###....♣♣~§.♣♣♣.#......#
#....###...'....♣♣~♣.~♣♣........#
#....#######....♣♣~..~♣♣.#.......
#.....# #....♣♣~..~♣♣##.......
#....## #....♣♣~..~♣ ♣.......P
###'### ##.##♣♣~.♣~♣ ♣###.#.##
#....# ### ♣~..~♣ #.### ###.##
♣♣♣♣..≈♣♣## #..###


There were no monsters in sight!

Vanquished Creatures
  An orc warrior (Orc:2)
  A wolf (D:8)
  An ogre (Orc:2)
  A bullfrog (Lair:2)
  An orc priest (Orc:2)
  An orc wizard (Orc:2)
  An adder (Sewer)
  An ufetubus (D:5)
  3 orcs
  A jackal (D:1)
  A rat (D:1)
13 creatures vanquished.

Vanquished Creatures (collateral kills)
  Erica (Lair:1)
  2 boulder beetles
  2 ogre magi (Orc:2)
  8 two-headed ogres
  A death yak (Lair:1)
  A deep troll (Orc:2)
  3 bog bodies (Lair:2)
  2 orc knights
  6 cyclopes
  A manticore (D:12)
  An orc sorcerer (Orc:2)
  Joseph (D:7)
  A black mamba (Lair:3)
  A rime drake (Lair:2)
  A kobold demonologist (D:12)
  2 cane toads (Lair:2)
  An unseen horror (D:12)
  2 komodo dragons
  10 trolls
  A hornet (D:9)
  3 blink frogs (Lair:2)
  3 slime creatures (D:12)
  Sigmund (D:2)
  A wyvern (Lair:2)
  2 shadows
  17 yaks
  A basilisk (Lair:1)
  2 steam dragons
  A vampire mosquito (D:12)
  A naga (Lair:2)
  2 swamp worms (Lair:2)
  5 water moccasins
  14 orc warriors
  2 black bears
  3 sky beasts
  21 ogres
  8 wolves
  3 centaurs
  Blork the orc (D:4)
  9 bullfrogs
  3 gnoll sergeants
  2 necrophages
  3 kobold brigands
  5 scorpions
  4 wights (D:8)
  15 killer bees
  An electric eel (Lair:2)
  3 jellies
  3 hounds
  2 gnoll boudas (D:7)
  10 orc priests
  Jessica (D:3)
  4 iguanas
  Terence (D:2)
  Natasha (twice) (D:4)
  17 orc wizards
  2 human simulacra (D:9)
  Robin (D:2)
  19 gnolls
  4 adders
  5 river rats
  7 white imps
  3 worms
  4 dart slugs
  68 orcs
  7 endoplasms
  6 giant cockroaches
  16 goblins
  8 hobgoblins
  3 jackals
  4 quokkas
  18 ball pythons
  3 bats
  4 frilled lizards
  39 kobolds
  21 rats
  2 butterflies (Lair:1)
468 creatures vanquished.

Vanquished Creatures (others)
  4 two-headed ogres
  3 death yaks (Lair:1)
  Nergalle (D:10)
  A deep troll (Orc:2)
  An orc knight (Orc:2)
  A cyclops (D:8)
  A gargoyle (D:12)
  A cane toad (Lair:1)
  3 trolls
  A queen bee (D:8)
  A blink frog (Lair:2)
  9 yaks
  Grum (D:8)
  3 vampire mosquitoes (D:12)
  A water moccasin (D:11)
  9 orc warriors
  An ice beast (D:6)
  2 ogres (Orc:2)
  A centaur (D:5)
  A necrophage (D:5)
  A wight (D:8)
  3 killer bees (D:10)
  2 gnoll boudas
  5 orc priests
  An iguana (D:5)
  Natasha (D:4)
  5 orc wizards
  2 gnolls (D:5)
  10 orcs
  45 fungi
  118 plants
239 creatures vanquished.

Grand Total: 720 creatures vanquished

Notes
Turn   | Place    | Note
-------+----------+-------------------------------------------
     0 | D:1      | juncz the Felid Summoner began the quest for the Orb.
     0 | D:1      | Reached XP level 1. HP: 7/7 MP: 4/4
   618 | D:1      | Reached XP level 2. HP: 11/11 MP: 4/6
   621 | D:1      | Learned a level 2 spell: Call Imp
  1234 | D:1      | Found a faded altar of an unknown god.
  1647 | D:2      | Reached XP level 3. HP: 14/14 MP: 8/8
  1651 | D:2      | Learned a level 3 spell: Call Canine Familiar
  1677 | D:2      | Noticed Robin
  2754 | D:2      | Noticed Sigmund
  2771 | D:2      | Killed Sigmund
  2772 | D:2      | Reached skill level 5 in Summonings
  2772 | D:2      | Reached XP level 4. HP: 18/18 MP: 11/11
  2772 | D:2      | Reached XP level 5. HP: 21/21 MP: 12/12
  2776 | D:2      | Learned a level 3 spell: Summon Guardian Golem
  2937 | D:2      | Noticed Terence
  2982 | D:2      | Killed Terence
  2984 | D:2      | Killed Robin
  3160 | D:2      | Gained mutation: You are covered in thick fur. (AC +2)
                  | [Felid growth]
  3160 | D:2      | Reached XP level 6. HP: 25/25 MP: 13/13
  3620 | D:3      | Reached skill level 3 in Dodging
  3620 | D:3      | Reached skill level 1 in Hexes
  3675 | D:3      | Reached skill level 1 in Fighting
  3695 | D:3      | Noticed Jessica
  3705 | D:3      | Killed Jessica
  3798 | D:3      | Found a glowing drain.
  3881 | Sewer    | Entered a sewer
  4317 | Sewer    | Reached XP level 7. HP: 24/29 MP: 14/14
  4520 | D:3      | Learned a level 4 spell: Summon Lightning Spire
  4956 | D:4      | Noticed Natasha
  4956 | D:4      | Found Tethezidgh's Antique Armour Emporium.
  5208 | D:4      | Killed Natasha
  5253 | D:4      | Found a stormy altar of Qazlal.
  5428 | D:4      | Noticed Blork the orc
  5445 | D:4      | Killed Blork the orc
  5446 | D:4      | Reached skill level 4 in Dodging
  5503 | D:4      | Noticed Natasha
  5560 | D:4      | Found a blossoming altar of Fedhas.
  5599 | D:4      | Found an ornate altar of the Wu Jian Council.
  5627 | D:4      | Killed Natasha
  5938 | D:4      | Noticed Natasha
  5947 | D:4      | Killed Natasha
  6201 | D:5      | Entered Level 5 of the Dungeon
  6209 | D:5      | Found a staircase to the Ecumenical Temple.
  6216 | Temple   | Entered the Ecumenical Temple
  6344 | D:5      | Reached skill level 5 in Spellcasting
  6717 | D:5      | Noticed a yak
  6717 | D:5      | Noticed a yak
  6734 | D:5      | Noticed a yak
  6739 | D:5      | Noticed a yak
  6770 | D:5      | Killed a yak
  6771 | D:5      | Reached skill level 5 in Dodging
  6771 | D:5      | Reached XP level 8. HP: 34/34 MP: 16/16
  6777 | D:5      | Reached skill level 5 in Hexes
  6787 | D:5      | Reached skill level 1 in Air Magic
  6941 | D:5      | Reached skill level 6 in Dodging
  8052 | D:6      | Reached XP level 9. HP: 38/39 MP: 16/18
  8522 | D:6      | Found an opulent altar of Gozag.
  8522 | D:6      | Found a sparkling altar of Nemelex Xobeh.
  8559 | D:6      | Became a worshipper of Gozag Ym Sagoz the Greedy
  9341 | D:7      | Reached skill level 7 in Dodging
  9573 | D:7      | Learned a level 3 spell: Tukima's Dance
  9652 | D:7      | Reached skill level 5 in Fighting
  9682 | D:7      | Found an ancient bone altar of Kikubaaqudgha.
 10323 | D:7      | Noticed Joseph
 10350 | D:7      | Killed Joseph
 10351 | D:7      | Reached skill level 8 in Dodging
 10789 | D:7      | Reached XP level 10. HP: 45/45 MP: 21/21
 11443 | D:8      | Noticed Grum
 11452 | D:8      | Killed Grum
 11757 | D:8      | Reached skill level 9 in Dodging
 11984 | D:8      | Found a glowing golden altar of the Shining One.
 12074 | D:8      | Noticed a cyclops
 12093 | D:8      | Killed a cyclops
 12094 | D:8      | Reached skill level 5 in Air Magic
 12677 | D:9      | Found a runed translucent gate.
 12678 | D:9      | Found a runed translucent gate.
 12679 | D:9      | Found a runed translucent gate.
 12684 | D:9      | Noticed middlethird's ghost (journeyman VSIE)
 12761 | D:9      | Found a glowing silver altar of Zin.
 13452 | D:10     | Entered Level 10 of the Dungeon
 13922 | D:10     | Found a broken altar of Ashenzari.
 13943 | D:10     | Noticed Nergalle
 13977 | D:10     | Killed Nergalle
 13978 | D:10     | Reached XP level 11. HP: 37/50 MP: 23/23
 14143 | D:10     | Noticed a two-headed ogre
 14144 | D:10     | Found a sacrificial altar of Ru.
 14152 | D:10     | Killed a two-headed ogre
 14153 | D:10     | Reached skill level 10 in Dodging
 14431 | D:10     | Found a hazy altar of Hepliaklqana.
 14764 | D:11     | Noticed a two-headed ogre
 14912 | D:11     | Noticed a boulder beetle
 14959 | D:11     | Noticed a two-headed ogre
 14980 | D:11     | Killed a two-headed ogre
 15225 | D:11     | Killed a boulder beetle
 15593 | D:11     | HP: 2/50 [bullfrog (8)]
 15625 | D:11     | Found a staircase to the Lair.
 15628 | D:11     | Hit by a large rock thrown by a cyclops
 15629 | D:11     | Reached XP level 10. HP: -19/47 MP: 4/32
 15657 | D:11     | Noticed a cyclops
 15674 | D:11     | Killed a cyclops
 16305 | D:11     | Killed a two-headed ogre
 16351 | D:11     | Reached skill level 10 in Summonings
 16384 | D:11     | Reached skill level 11 in Dodging
 16384 | D:11     | Reached XP level 11. HP: 38/51 MP: 9/24
 16855 | Lair:1   | Entered Level 1 of the Lair of Beasts
 16927 | Lair:1   | Noticed Erica
 17043 | Lair:1   | Noticed a death yak
 18271 | D:12     | Noticed a two-headed ogre
 18283 | D:12     | Killed a two-headed ogre
 18284 | D:12     | Noticed a boulder beetle
 18311 | D:12     | Killed a boulder beetle
 18339 | D:12     | Reached skill level 12 in Dodging
 19367 | D:12     | Found a white marble altar of Elyvilon.
 19862 | D:12     | Found a staircase to the Orcish Mines.
 19907 | Orc:1    | Entered Level 1 of the Orcish Mines
 20410 | Orc:1    | Noticed an orc knight
 20418 | Orc:1    | Killed an orc knight
 20419 | Orc:1    | Gained mutation: Your thick and shaggy fur keeps you warm.
                  | (AC +3, rC+) [Felid growth]
 20419 | Orc:1    | Reached XP level 12. HP: 58/58 MP: 12/26
 20705 | Orc:2    | Entered Level 2 of the Orcish Mines
 20705 | Orc:2    | Found a staircase to the Elven Halls.
 20995 | Orc:2    | Noticed a two-headed ogre
 20995 | Orc:2    | Noticed a two-headed ogre
 20995 | Orc:2    | Noticed a two-headed ogre
 20995 | Orc:2    | Noticed an ogre mage
 20995 | Orc:2    | Noticed a two-headed ogre
 20995 | Orc:2    | Found Teeza's Armour Shop.
 20995 | Orc:2    | Found Usalavat's Magic Scroll Boutique.
 20996 | Orc:2    | Noticed a two-headed ogre
 20999 | Orc:1    | Upgraded the game from 0.29.0-13-gc9e81de378 to
                  | 0.29.1-1-gd02db6906a
 21144 | Orc:2    | Reached skill level 10 in Spellcasting
 21150 | Orc:2    | Reached skill level 13 in Dodging
 21203 | Orc:2    | Reached skill level 10 in Fighting
 21392 | Orc:2    | Killed a two-headed ogre
 21424 | Orc:2    | Killed a two-headed ogre
 21454 | Orc:2    | Killed from afar by an orc sorcerer
 21455 | Orc:2    | Reached XP level 11. HP: -18/55 MP: 34/35
 21482 | Orc:2    | Noticed a sun demon
 21484 | Orc:2    | Killed an orc sorcerer
 21524 | Orc:2    | Killed an ogre mage
 21525 | Orc:2    | Reached skill level 14 in Dodging
 21729 | Orc:2    | Noticed a two-headed ogre
 21741 | Orc:2    | Killed a two-headed ogre
 21816 | Orc:2    | Killed a two-headed ogre
 22033 | Orc:2    | Noticed a deep troll
 22052 | Orc:2    | Killed a deep troll
 22239 | Orc:2    | Noticed a two-headed ogre
 22249 | Orc:2    | Killed a two-headed ogre
 22250 | Orc:2    | Reached XP level 12. HP: 48/60 MP: 27/27
 22322 | Orc:2    | Killed a two-headed ogre
 22339 | Orc:2    | Noticed an ogre mage
 22348 | Orc:2    | Killed an ogre mage
 22349 | Orc:2    | Reached skill level 15 in Dodging
 22559 | Orc:2    | Noticed a two-headed ogre
 22571 | Orc:2    | Killed a two-headed ogre
 22572 | Orc:2    | Killed a two-headed ogre
 22607 | Orc:2    | HP: 1/61 [orc priest/divine providence[an orc knight] (15)]
 23255 | Orc:2    | Found Reshry's General Store.
 23258 | Orc:2    | Bought a scroll of identify for 20 gold pieces
 23258 | Orc:2    | Bought a scroll of identify for 20 gold pieces
 23258 | Orc:2    | Bought a scroll of magic mapping for 75 gold pieces
 23268 | Orc:2    | Found Inemn's Antique Weapon Shop.
 23483 | Orc:2    | Bought the Encyclopedia of Dimensional Conflict for 360
                  | gold pieces
 23489 | Orc:2    | Learned a level 5 spell: Summon Forest
 23636 | Lair:1   | Noticed a death yak
 23638 | Lair:1   | Noticed a death yak
 23642 | Lair:1   | Noticed a death yak
 23650 | Lair:1   | Killed a death yak
 23675 | Lair:1   | Killed a death yak
 23691 | Lair:1   | Killed a death yak
 23691 | Lair:1   | Killed a death yak
 23692 | Lair:1   | Reached skill level 16 in Dodging
 24186 | Lair:1   | Killed Erica
 24585 | Lair:2   | You fall into a shaft and drop 1 floor!
 24621 | Lair:2   | Found a staircase to the Snake Pit.
 24749 | Lair:2   | Found a blossoming altar of Fedhas.
 24907 | Lair:2   | Reached XP level 13. HP: 65/65 MP: 15/28
 25459 | Lair:2   | Engulfed by their own steam
 25460 | Lair:2   | Reached XP level 12. HP: -3/63 MP: 29/36
 25704 | Lair:2   | Reached skill level 17 in Dodging
 26111 | Lair:2   | Found a staircase to the Swamp.
 26193 | Lair:2   | Quit the game

Illustrated notes

Levels and vault maps discovered:
D:1:      saegor_arrival_simple_a, layout_rooms,
          shapermc_ecumenical_altar_mp_urbaneastern, serial_forest,
          infiniplex_forest_lined_3_way, infiniplex_forest_clump_large,
          infiniplex_forest_straight_3, infiniplex_forest_clump_double,
          infiniplex_forest_clump_small, infiniplex_forest_pool
D:2:      layout_loops_corners, wander_ebering_terrifying_dragon_lair,
          uniq_robin, uniq_sigmund, uniq_terence
D:3:      minmay_door_path, layout_rooms, portal_sewer_entry_a, minivault_26,
          uniq_jessica
D:4:      layout_basic, nicolae_overflow_crystal_walls,
          mainiacjoe_overflow_catch_the_wave, serial_shops, shop,
          serial_park_tiny_1, uniq_natasha, uniq_blork_the_orc
D:5:      minmay_evil_eye, layout_basic, minmay_temple_entry_gardened_gates
D:6:      layout_loops_ring, grunt_temple_overflow_opulence
D:7:      kennysheep_six_static_rooms, layout_cave_pools, old_standard_altar,
          st_stairs_7, minmay_fractal_squares_5, uniq_joseph
D:8:      layout_loops_ring, nicolae_tso_carved_into_rock,
          nicolae_looking_at_the_future, uniq_grum
D:9:      layout_cave_pools, old_standard_altar, gammafunk_ghost_nasty_kobolds,
          bh_circular_ruins
D:10:     layout_basic, mainiacjoe_overflow_cross_hatched,
          mainiacjoe_overflow_alcove_4,
          mainiacjoe_overflow_concentric_impassable, uniq_nergalle
D:11:     layout_loops_ring, due_lair_maze_entry_diamond
D:12:     minmay_angry_zag, layout_rooms, david_orc_4, elyvilon_altar_3
Temple:   nicolae_temple_ecumenical_triangle
Lair:1:   layout_regular_city, serial_bayou_pond_d, lemuel_fruit_fields,
          uniq_erica
Lair:2:   layout_roguey, nicolae_swamp_entry_splash_gauntlet,
          guppyfry_snake_entry_island, special_room, basic_altar,
          serial_bayou_shore_b, grunt_megastairs_4
Lair:3:   slaughterhouse, layout_chaotic_city, lemuel_fruit_tree,
          lemuel_fruit_fields, serial_bayou_shore_a
Orc:1:    layout_caves, nicolae_orc_rockfall, mines2_david
Orc:2:    st_orc_open, layout_caves

Skill      XL: |  1  2  3  4  5  6  7  8  9 10 11 12 13 |
---------------+----------------------------------------+-----
Spellcasting   | 4 5 6 7 9 10 | 10.0
Summonings     | 5 6 7 8 10 | 10.0
Dodging        | 3 5 6 8 11 14 17 | 17.1
Hexes          | 2 4 5 |  5.0
Fighting       | 1 3 4 5 8 11 12 13 | 13.2
Air Magic      | 2 4 5 7 |  7.0
Stealth        | |  2.6

Action                   |  1- 3 |  4- 6 |  7- 9 | 10-12 | 13-15 || total
-------------------------+-------+-------+-------+-------+-------++-------
Melee: Unarmed           |    15 |    13 |    40 |    74 |     1 ||   143
       Bite              |     3 |     1 |    10 |    12 |     1 ||    27
       Punch             |       |       |       |     1 |       ||     1
 Cast: Summon Small Mamm |    13 |     7 |     3 |     5 |       ||    28
       Call Imp          |    15 |    12 |    10 |    20 |     1 ||    58
       Call Canine Famil |     7 |    18 |    73 |   110 |     4 ||   212
       Summon Guardian G |       |     2 |    39 |    89 |     3 ||   133
       Summon Lightning  |       |       |     4 |   150 |     6 ||   160
       Tukima's Dance    |       |       |     3 |     9 |       ||    12
       Summon Forest     |       |       |       |     3 |       ||     3
Invok: Call Merchant     |       |       |       |     1 |       ||     1
  Use: Scroll            |     2 |     1 |     3 |    11 |       ||    17
       Potion            |       |       |       |     7 |       ||     7
 Stab: Distracted        |       |     1 |     1 |       |       ||     2
       Betrayed ally     |       |       |       |     1 |       ||     1
Armor: Skin              |     1 |     1 |     8 |     3 |       ||    13
Dodge: Dodged            |    63 |    37 |   109 |   187 |     9 ||   405
Block: Other             |       |       |     7 |    43 |     1 ||    51
       Reflection        |       |       |     2 |     8 |       ||    10
